 Dungeon Crawl Stone Soup version 0.29.1-12-g30fa7ad0bf (webtiles) character file.

Game seed: 5743287007212591979

44 Descartes the Trooper (level 3, 0/29 (30) HPs)
             Began as a Formicid Monk on Jan 16, 2023.
             Succumbed to an adder's poison
             ... on level 2 of the Dungeon.
             The game lasted 00:03:12 (2134 turns).

Descartes the Trooper (Formicid Monk)               Turns: 2134, Time: 00:03:12

HP:   0/29 (30)     AC:  8    Str: 13    XL:     3   Next: 87%
MP:   3/3           EV:  6    Int: 11    God:
Gold: 54            SH:  0    Dex: 16    Spells: 2/2 levels left

rFire   . . .      SeeInvis +   a - +0 hand axe
rCold   . . .      Faith    .   (no shield)
rNeg    . . .      Spirit   .   k - +0 chain mail
rPois   .          Reflect  .   (helmet unavailable)
rElec   .          Harm     .   (no cloak)
rCorr   .          Rampage  .   (no gloves)
Will    .....                   (no boots)
Stlth   ..........              (no amulet)
HPRegen 0.09/turn               (no ring)
MPRegen 0.08/turn               (no ring)

@: lethally poisoned (0 -> -4), lightly drained
A: permanent stasis, dig shafts and tunnels, antennae 3, four strong arms, sense
surroundings 1, weak 1
a: Dig, Shaft Self


You were on level 2 of the Dungeon.
You visited 1 branch of the dungeon, and saw 2 of its levels.

You collected 54 gold pieces.

Inventory:

Hand Weapons
 a - a +0 hand axe (weapon)
 i - a +0 mace
Armour
 b - a +0 robe
 k - a +0 chain mail (worn)
Scrolls
 e - 2 scrolls of teleportation {unknown}
 g - 2 scrolls of identify {unknown}
 h - a scroll of vulnerability {unknown}
 m - a scroll of magic mapping {unknown}
 n - a scroll of torment {unknown}
 o - a scroll of enchant weapon {unknown}
Potions
 c - a potion of ambrosia
 d - a potion of resistance {unknown}
 f - 2 potions of curing


   Skills:
 + Level 4.0 Fighting
 + Level 3.5 Axes
 + Level 1.7 Armour
 - Level 2.6 Dodging
 - Level 2.4 Stealth


You had 2 spell levels left.
You didn't know any spells.
Your spell library contained the following spells:

 Spells                   Type           Power      Damage    Failure   Level
 Static Discharge         Conj/Air       0%         3-3/arc   100%        2
 Lightning Bolt           Conj/Air       0%         1d11      100%        5
 Maxwell's Capacitive Co  Air            0%         ∞         100%        8


Dungeon Overview and Level Annotations

Branches:
Dungeon (2/15)

Altars:

Annotations:
D:2 Sigmund


Innate Abilities, Weirdness & Mutations

You cannot be hasted, slowed, berserked, paralysed or teleported.
You can dig through walls and to a lower floor.
You have a pair of large antennae on your head. (SInv)
Your four strong arms can wield two-handed weapons with a shield.
You passively map a small area around you.
You are weak. (Str -2)


Message History

The adder is moderately wounded.
You feel very sick. The adder closely misses you.
You are too injured to fight recklessly!
You are too injured to fight recklessly!
You are too injured to fight recklessly!
You are too injured to fight recklessly!
You are too injured to fight recklessly!
You are too injured to fight recklessly!
You are too injured to fight recklessly!
You are too injured to fight recklessly!
An adder is nearby!
Unknown command.
You miss the adder.
The adder is moderately wounded.
You feel sick. The adder barely misses you. x2
You barely miss the adder.
The adder is moderately wounded.
You feel sick. The adder barely misses you.
You closely miss the adder.
The adder is moderately wounded.
You feel sick.
The adder bites you but does no damage. x2
You hit the adder. Your punch misses the adder.
The adder is almost dead.
You feel sick. The adder bites you.
* * * LOW HITPOINT WARNING * * *
You are lethally poisoned!
The adder poisons you!
You miss the adder.
The adder is almost dead.
* * * LOW HITPOINT WARNING * * *
You feel sick. The adder bites you but does no damage. The adder bites you.
* * * LOW HITPOINT WARNING * * *
You hit the adder.
You kill the adder!
* * * LOW HITPOINT WARNING * * *
You feel sick.
Your Fighting skill increases to level 4!
Found a stone staircase leading down.
You die...

#.##.#.#
#.########...#.##....
###......####.#
#####.##.###
.....#.)......#
#.##.#
.###.########.#### **
#.##.# # .# #.#
#.##.. ,, {,...#.# #
## #.# #.##.# #..#.#
# .# #.# #.##.#
#....., ## #.# #.##.#
#.##.# ####.#
#.##@###### ..# .#
#........... * ≈.#* #
#.##.####### ≈.##.#
#.##.# ### ≈....#
#.#>.. * ... #.####
.#.###.* ... #.# * #
# * #. * .## #.# , *
.$ * * #.# , #. .##


There were no monsters in sight!

Vanquished Creatures
  An adder (D:2)
  A dart slug (D:1)
  A ball python (D:1)
  An endoplasm (D:2)
  A giant cockroach (D:1)
  3 goblins
  4 hobgoblins
  4 jackals (D:1)
  5 kobolds
  2 quokkas (D:1)
  2 bats (D:1)
  A frilled lizard (D:1)
  4 rats
30 creatures vanquished.

Vanquished Creatures (others)
  7 plants (D:1)
7 creatures vanquished.

Grand Total: 37 creatures vanquished

Notes
Turn   | Place    | Note
-------+----------+-------------------------------------------
     0 | D:1      | Descartes the Formicid Monk began the quest for the Orb.
     0 | D:1      | Reached XP level 1. HP: 18/18 MP: 1/1
   140 | D:1      | Reached XP level 2. HP: 16/24 MP: 2/2
   831 | D:1      | Reached skill level 1 in Armour
   880 | D:1      | Reached XP level 3. HP: 6/30 MP: 3/3
  1475 | D:2      | Noticed Sigmund
  1847 | D:2      | Found the +0 mask of the Dragon {Will+ Slay+3 SInv}
  1859 | D:2      | Gained mutation: You are weak. (Str -2) [potion of
                  | mutation]
  1859 | D:2      | Gained mutation: You passively map a small area around you.
                  | [potion of mutation]
  2133 | D:2      | HP: 1/28 [poisoned by an adder]
  2134 | D:2      | Reached skill level 4 in Fighting
  2134 | D:2      | Succumbed to an adder's poison

Illustrated notes

Levels and vault maps discovered:
D:1:      minmay_arrival_stair_chambers, layout_loops_ring, serial_forest,
          infiniplex_forest_clump_curved, infiniplex_forest_clump_small,
          infiniplex_forest_end_2, infiniplex_forest_lined_corner,
          infiniplex_forest_end_2, infiniplex_forest_zigzag_1,
          infiniplex_forest_pool, infiniplex_forest_clump_small,
          nrook_mini_backslash, chequers_mini_garden
D:2:      layout_loops_ring, serial_rivers, chequers_serial_rivers_room_a,
          chequers_serial_rivers_small_b, chequers_serial_rivers_micro_c,
          chequers_serial_rivers_micro_e, uniq_sigmund, uniq_crazy_yiuf_cottage

Skill      XL: |  1  2  3 |
---------------+----------+-----
Armour         | 1 |  1.7
Fighting       | 4 |  4.0
Axes           | |  3.5
Dodging        | |  2.6
Stealth        | |  2.4

Action                   || total
-------------------------++-------
Melee: Hand axe          ||   100
       Punch             ||     1
       Mace              ||    22
 Abil: Dig               ||     1
  Use: Potion            ||     4
 Stab: Sleeping          ||     2
Armor: Robe              ||    15
       Chain mail        ||    48
Dodge: Dodged            ||    79
